 Dungeon Crawl Stone Soup version 0.30-a0-634-g8abc85282e (webtiles) character file.

Game seed: 18131616475689193077

207 wormed the Insei (level 5, -5/51 HPs)
             Began as an Octopode Transmuter on Jan 15, 2023.
             Slain by a gnoll
             ... wielding a +0 halberd
              (7 damage)
             ... on level 3 of the Dungeon.
             The game lasted 00:03:10 (1957 turns).

wormed the Insei (Octopode Transmuter)              Turns: 1957, Time: 00:03:10

Health: -5/51      AC: 22    Str:  6 (9)  XL:     5   Next: 85%
Magic:  7/9        EV:  2    Int: 16 (17) God:
Gold:   232        SH:  0    Dex: 11 (13) Spells: 2/9 levels left

rFire   . . .      SeeInvis .      - Unarmed
rCold   . . .      Faith    .    (no shield)
rNeg    . . .      Spirit   .    (helmet currently unavailable)
rPois   +          Reflect  .    (no amulet)
rElec   .          Harm     .    (no ring)
rCorr   .          Rampage  .    (no ring)
Will    .....      NoTele   +    (no ring)
Stlth   +                        (no ring)
HPRegen 0.28/turn                (no ring)
MPRegen 0.11/turn                (no ring)
                                 (no ring)
                                 (no ring)

@: tree-form (expiring), wereblooded (expiring)
A: stationary, stasis, torment immunity, boosted hp, almost no armour,
(amphibious), 8 rings, (camouflage 1), (gelatinous body 1), (nimble swimmer 1),
(tentacles)
a: no special abilities


You were on level 3 of the Dungeon.
You were a tree.
You visited 1 branch of the dungeon, and saw 3 of its levels.

You collected 232 gold pieces.

Inventory:

Scrolls
 b - 2 scrolls of teleportation
 d - a scroll of magic mapping
Potions
 c - a potion of degeneration


   Skills:
 + Level 2.1 Fighting
 + Level 2.8 Dodging
 + Level 3.6 Unarmed Combat
 + Level 2.6 Spellcasting
 * Level 3.6 Transmutations
 + Level 1.6 Ice Magic


You had 2 spell levels left.
You knew the following spells:

 Your Spells              Type           Power      Damage    Failure   Level
a - Beastly Appendage     Tmut           26%        N/A       4%          1
b - Wereblood             Tmut           13%        N/A       6%          2
c - Ice Form              Ice/Tmut       10%        N/A       54%         4

Your spell library contained the following spells:

 Spells                   Type           Power      Damage    Failure   Level
 Summon Small Mammal      Summ           8%         N/A       21%         1
 Spider Form              Tmut/Pois      8%         N/A       26%         3
 Ignite Poison            Fire/Tmut/Pois 6%         N/A       34%         3
 Call Canine Familiar     Summ           2%         N/A       52%         3
 Kindle Blastsparks       Fire/Tloc/Air  4%         2d10      52%         3
 Summon Guardian Golem    Hex/Summ       2%         N/A       52%         3
 Freezing Cloud           Conj/Ice/Air   1%         6-21      99%         5


Dungeon Overview and Level Annotations

Branches:
Dungeon (3/15)

Altars:
Ru


Innate Abilities, Weirdness & Mutations

You are a tree.
Your roots penetrate the ground, keeping you stationary.
You cannot be teleported.
You are immune to unholy pain and torment.
Your maximum health is greatly increased.
You cannot wear most types of armour.
((You are amphibious.))
You can wear up to eight rings at the same time.
((Your skin changes colour to match your surroundings (Stealth+).))
((Your rubbery body absorbs attacks. (AC +1, EV +1)))
((You are camouflaged when in or above water. (Stealth+)))
((You have tentacles for arms and can constrict up to eight enemies at once.))


Message History

The orc priest hits you but does no damage.
The orc hits you but does no damage.
A gnoll comes into view. It is wielding a +0 whip.
You smack the orc priest!
You feel a bit better.
You kill the orc priest!
You creak as the wereblood boils in your veins!
The orc hits you but does no damage. The gnoll hits you but does no damage.
A frilled lizard comes into view.
You barely miss the orc.
You creak as the wereblood boils in your veins!
The orc hits you but does no damage. The gnoll hits you but does no damage.
You smack the orc!
You feel a bit better.
You kill the orc!
The gnoll hits you but does no damage.
It was a potion of degeneration.
There was something very wrong with that liquid.
You feel weakened.
You feel dopey.
You feel clumsy. The gnoll barely misses you.
The gnoll hits you from afar with a +0 halberd!
* * * LOW HITPOINT WARNING * * *
The gnoll hits you from afar with a +0 halberd.
* * * LOW HITPOINT WARNING * * *
The frilled lizard unfolds its giant frill.
As you read the scroll labelled UMIFIWUESM, it crumbles to dust.
You feel a strange sense of stasis.
It was a scroll of teleportation.
The gnoll hits you but does no damage. The gnoll barely misses you.
The frilled lizard unfolds its giant frill.
The gnoll hits you but does no damage.
Your transformation is almost over.
The gnoll completely misses you.
Your primal bloodlust is almost over.
The gnoll hits you from afar with a +0 halberd!
* * * LOW HITPOINT WARNING * * *
The gnoll hits you but does no damage. The gnoll barely misses you.
The gnoll hits you from afar with a +0 halberd.
* * * LOW HITPOINT WARNING * * *
The gnoll hits you from afar with a +0 halberd!
You die...

... ... # .l. ....#
#g# #.... #g###....
####.# ### #g#......
...... #.###)#.....#
#..###.
#....♣......###.......
#....)>.(...##...###..
#............)....###.
#...........##......#.
##..........†.....#...
#...........)......#.
#....................
#..................#.
#..................#.


You could see 3 gnolls and a frilled lizard.

Vanquished Creatures
  An orc priest (D:3)
  Natasha (thrice) (D:2)
  2 adders (D:3)
  2 worms
  10 orcs
  5 ball pythons
  7 bats
  An endoplasm (D:2)
  3 giant cockroaches
  5 hobgoblins
  8 jackals
  5 kobolds
  5 frilled lizards
  6 goblins
  10 rats
73 creatures vanquished.

Vanquished Creatures (others)
  13 plants (D:3)
13 creatures vanquished.

Grand Total: 86 creatures vanquished

Notes
Turn   | Place    | Note
-------+----------+-------------------------------------------
     0 | D:1      | wormed the Octopode Transmuter began the quest for the Orb.
     0 | D:1      | Reached XP level 1. HP: 13/13 MP: 3/3
    85 | D:1      | Reached XP level 2. HP: 16/18 MP: 3/5
   286 | D:1      | You fall into a shaft and drop 1 floor!
   408 | D:1      | Reached XP level 3. HP: 19/23 MP: 4/6
   415 | D:1      | Learned a level 2 spell: Wereblood
   916 | D:2      | Noticed Natasha
   929 | D:2      | Killed Natasha
   930 | D:2      | Reached skill level 1 in Ice Magic
   930 | D:2      | Reached XP level 4. HP: 16/28 MP: 3/7
  1466 | D:2      | Noticed Natasha
  1473 | D:2      | Killed Natasha
  1516 | D:2      | Noticed Natasha
  1528 | D:2      | Killed Natasha
  1529 | D:2      | Reached XP level 5. HP: 23/34 MP: 4/8
  1641 | D:2      | Learned a level 4 spell: Ice Form
  1674 | D:3      | Found a sacrificial altar of Ru.
  1793 | D:3      | Identified the +1 helmet of Proximity {Rampage rN++}
  1956 | D:3      | HP: 2/51 [gnoll/+0 halberd (3)]
  1957 | D:3      | Slain by a gnoll

Illustrated notes

Levels and vault maps discovered:
D:1:      roderic_crossed_star, layout_loops_ring
D:2:      layout_basic, dreamdust_wishing_well, minivault_19, uniq_natasha
D:3:      layout_rooms, nicolae_ru_awakened_eye, st_stairs_8,
          nicolae_grassy_gnolls

Skill      XL: |  1  2  3  4  5 |
---------------+----------------+-----
Transmutations | 3 |  3.6
Ice Magic      | 1 |  1.6
Fighting       | 2 |  2.1
Dodging        | |  2.8
Unarmed Combat | |  3.6
Spellcasting   | |  2.6

Action                   |  1- 3 |  4- 6 || total
-------------------------+-------+-------++-------
Melee: Unarmed           |    63 |    71 ||   134
       Constrict         |    22 |    23 ||    45
       Kick              |    20 |    25 ||    45
       Tentacles         |    12 |    14 ||    26
       Punch             |       |     2 ||     2
 Cast: Beastly Appendage |    18 |    14 ||    32
       Wereblood         |     8 |    11 ||    19
  Use: Scroll            |       |     4 ||     4
       Potion            |       |     2 ||     2
 Stab: Sleeping          |     6 |     1 ||     7
Armor: Skin              |     3 |    15 ||    18
Dodge: Dodged            |    33 |    48 ||    81

Table legend: (Time is in decaauts)
 A = Elapsed time spent in this place.
 B = Non-inter-level travel time spent in this place.
 C = Inter-level travel time spent in this place.
 D = Time resting spent in this place.
 E = Time spent auto-exploring this place.
 F = Levels seen in this place.
 G = Mean time per level.
                   A        B        C        D        E       F      G
               +--------+--------+--------+--------+--------+-----+--------+
         Total |   1948 |   1905 |     43 |      0 |   1471 |   3 |  649.3 |
       Dungeon |   1948 |   1905 |     43 |      0 |   1471 |   3 |  649.3 |
               +--------+--------+--------+--------+--------+-----+--------+

Top non-repeatable levels by time:
     D:2: 870 daAuts
     D:1: 765 daAuts
     D:3: 312 daAuts
